 Dungeon Crawl Stone Soup version 0.30-a0-458-g86641cc369 (webtiles) character file.

Game seed: 17503627818480518052

634 cforsyth the Shield-Bearer (level 7, -9/70 HPs)
             Began as a Troll Fighter on Dec 14, 2022.
             Mangled by an acid dragon (14 damage)
             ... on level 6 of the Dungeon.
             The game lasted 00:04:43 (3229 turns).

cforsyth the Shield-Bearer (Troll Fighter)          Turns: 3229, Time: 00:04:43

Health: -9/70      AC:  0    Str: 25    XL:     7   Next: 25%
Magic:  6/6        EV:  9    Int:  6    God:
Gold:   220        SH:  8    Dex:  9    Spells: 6/6 levels left

rFire   . . .      SeeInvis .      - Unarmed
rCold   . . .      Faith    .    b - +0 kite shield
rNeg    . . .      Spirit   .    a - +0 robe
rPois   .          Reflect  .    (helmet restricted)
rElec   .          Harm     .    (no cloak)
rCorr   .          Rampage  .    (gloves unavailable)
Will    .....                    (boots unavailable)
Stlth   +.........               (no amulet)
HPRegen 1.11/turn                (no ring)
MPRegen 0.10/turn                (no ring)

@: corroded
A: large, unfitting armour, claws 3, regeneration 1, shaggy fur 1, tough skin 1
a: no special abilities


You were on level 6 of the Dungeon.
You visited 1 branch of the dungeon, and saw 6 of its levels.

You collected 220 gold pieces.

Inventory:

Armour
 a - a +0 robe (worn)
 b - a +0 kite shield (worn)
Jewellery
 i - a +4 ring of protection
Wands
 f - a wand of flame (22)
Scrolls
 e - a scroll of enchant armour {unknown}
 j - a scroll of teleportation
 k - a scroll of brand weapon {unknown}
 l - a scroll of magic mapping {unknown}
 m - a scroll of blinking {unknown}
 n - a scroll of identify
 p - 2 scrolls of enchant weapon {unknown}
Potions
 c - a potion of might
 d - a potion of invisibility
 g - 3 potions of cancellation
 h - a potion of brilliance
 o - a potion of attraction {unknown}


   Skills:
 + Level 4.1 Fighting
 + Level 4.0 Dodging
 + Level 4.4 Shields
 + Level 4.3 Unarmed Combat


You had 6 spell levels left.
You didn't know any spells.
Your spell library contained the following spells:

 Spells                   Type           Power      Damage    Failure   Level
 Sublimation of Blood     Necr           0%         N/A       86%         2
 Petrify                  Tmut/Erth      0%         N/A       100%        4
 Irradiate                Conj/Tmut      0%         3d11      100%        5


Dungeon Overview and Level Annotations

Branches:
Dungeon (6/15)
 Temple: D:4-7

Altars:
Zin

Shops:
D:2 *


Innate Abilities, Weirdness & Mutations

You are too large for most types of armour.
You have claws for hands.
Your natural rate of healing is unusually fast.
You are covered in fur. (AC +1)
You have tough skin. (AC +1)


Message History

There is a stone staircase leading down here.
You climb downwards.
You hear the hiss of flowing sand.
There is an entrance to an ossuary on this level.
Hurry and find it before the portal is buried!
There is a stone staircase leading up here.
Okay, then.
An acid dragon comes into view.
The acid dragon roars!
The acid dragon moves out of view.
The acid dragon spits acid at you. The splash of acid hits you!!
The acid corrodes you!
You closely miss the acid dragon. The acid dragon closely misses you.
You block the acid dragon's attack.
You barely miss the acid dragon. The acid dragon bites you.
The acid dragon claws you.
You scratch the acid dragon.
The acid dragon is lightly wounded.
The acid dragon barely misses you. The acid dragon claws you.
You claw the acid dragon!
The acid dragon is heavily wounded.
The acid dragon bites you! You block the acid dragon's attack.
You scratch the acid dragon but do no damage.
The acid dragon is heavily wounded.
You block the acid dragon's attack. The acid dragon claws you.
You barely miss the acid dragon.
The acid dragon is heavily wounded.
The acid dragon spits acid at you. The splash of acid hits you!!
* * * LOW HITPOINT WARNING * * *
You scratch the acid dragon.
The acid dragon is severely wounded.
The acid dragon bites you!
* * * LOW HITPOINT WARNING * * *
The acid dragon claws you.
* * * LOW HITPOINT WARNING * * *
Unknown command.
You closely miss the acid dragon.
The acid dragon is severely wounded.
The acid dragon bites you!
You die...

..... ....
... #..##
##...#
##....#
#....D#####..
#@.....#
#.####.#
#.###.#
#.....####
###....<.#
#.#####......
... #.###
.### # #


You could see an acid dragon (catching breath).

Vanquished Creatures
  A water moccasin (D:5)
  A phantom (D:5)
  3 hounds
  A gnoll bouda (D:4)
  An orc priest (D:5)
  2 iguanas
  An orc wizard (D:5)
  8 gnolls
  5 adders
  A shadow imp (D:5)
  2 worms
  2 dart slugs
  14 orcs
  5 endoplasms
  3 giant cockroaches
  5 hobgoblins
  2 jackals (D:1)
  4 kobolds
  5 quokkas
  6 ball pythons
  3 bats
  A frilled lizard (D:3)
  5 goblins
  8 rats
89 creatures vanquished.

Notes
Turn   | Place    | Note
-------+----------+-------------------------------------------
     0 | D:1      | cforsyth the Troll Fighter began the quest for the Orb.
     0 | D:1      | Reached XP level 1. HP: 22/22 MP: 0/0
    73 | D:1      | Reached XP level 2. HP: 21/29 MP: 1/1
   601 | D:2      | Reached XP level 3. HP: 36/36 MP: 2/2
   670 | D:2      | You fall into a shaft and drop 1 floor!
   888 | D:2      | Found Veabusol's Assorted Antiques.
  1046 | D:3      | Reached XP level 4. HP: 32/45 MP: 3/3
  1881 | D:4      | Reached XP level 5. HP: 46/53 MP: 4/4
  2306 | D:4      | Reached XP level 6. HP: 61/61 MP: 5/5
  2433 | D:5      | Entered Level 5 of the Dungeon
  2625 | D:5      | Identified the +3 ring mail of Restlessness {rPois}
  2631 | D:5      | Noticed a water moccasin
  2650 | D:5      | Killed a water moccasin
  2651 | D:5      | Reached XP level 7. HP: 20/70 MP: 6/6
  2887 | D:5      | Found a glowing silver altar of Zin.
  2888 | D:5      | Noticed an angel
  3229 | D:6      | Mangled by an acid dragon

Illustrated notes

Levels and vault maps discovered:
D:1:      minmay_arrival_solitary_statue, layout_basic
D:2:      layout_basic, serial_shops, shop
D:3:      layout_loops_ring
D:4:      layout_loops_ring
D:5:      layout_loops_ring, zin_angel
D:6:      layout_layer_cave, elyvilon_altar_4, enter_ossuary_4,
          nicolae_fountain_basement

Skill      XL: |  1  2  3  4  5  6  7 |
---------------+----------------------+-----
Shields        | 3 4 |  4.4
Fighting       | 3 4 |  4.1
Dodging        | 3 4 |  4.0
Unarmed Combat | 3 4 |  4.3

Action                   |  1- 3 |  4- 6 |  7- 9 || total
-------------------------+-------+-------+-------++-------
Melee: Unarmed           |    88 |   152 |    49 ||   289
  Use: Scroll            |       |     6 |       ||     6
       Potion            |       |     2 |       ||     2
 Stab: Sleeping          |       |     1 |       ||     1
Armor: Robe              |    21 |    23 |     7 ||    51
Dodge: Dodged            |    35 |    42 |     7 ||    84
Block: Kite shield       |    31 |    53 |    12 ||    96

Table legend: (Time is in decaauts)
 A = Elapsed time spent in this place.
 B = Non-inter-level travel time spent in this place.
 C = Inter-level travel time spent in this place.
 D = Time resting spent in this place.
 E = Time spent auto-exploring this place.
 F = Levels seen in this place.
 G = Mean time per level.
                   A        B        C        D        E       F      G
               +--------+--------+--------+--------+--------+-----+--------+
         Total |   3252 |   3121 |    131 |    192 |   2270 |   6 |  542.0 |
       Dungeon |   3252 |   3121 |    131 |    192 |   2270 |   6 |  542.0 |
               +--------+--------+--------+--------+--------+-----+--------+

Top non-repeatable levels by time:
     D:3: 797 daAuts
     D:5: 769 daAuts
     D:4: 708 daAuts
     D:1: 529 daAuts
     D:2: 434 daAuts
     D:6: 13 daAuts
